AoeStats
← 沒起房子我日

MegaRandom

509555691Analyzed
4v4 RM · 4d ago on Sep 27, 2026· 43m 14s· 8 players
Game mode
Random Map
Map size
Large (8 player)
Population
200
Speed
Normal
Resources
Standard
Victory
Conquest
Starting age
Dark Age
Ending age
Imperial Age
RankedLock teamsTeams togetherTeam positionsShared explorationLock speedFull tech treeHidden civsTurbo modeCheats
Victory
Defeat
🇨🇳 Mongols · China
1808
+7
🇹🇷 Varangians · Türkiye
1629
+14
🇹🇼 Varangians · Taiwan
1548
+17
🇨🇳 Britons · China
1536
+17
🇨🇳 Mongols · China
1697
-18
🇭🇰 Lithuanians · Hong Kong SAR China
1637
-16
🇨🇳 Saracens · China
1583
-14
🇨🇳 Franks · China
1384
-7
大平果是小菜鸡父亲
12:53 Feudal Age
13:22 Double-Bit Axe
13:19 Fishing Lines
13:46 Loom
15:05 Scale Barding Armor
14:54 Horse Collar
16:37 Forging
20:10 Castle Age
18:40 Bloodlines
20:18 Light Cavalry
21:25 Chain Barding Armor
23:15 Gillnets
23:44 Husbandry
26:04 Bow Saw
26:39 Iron Casting
30:40 Wheelbarrow
31:58 Fletching
36:53 Heavy Plow
40:58 Hand Cart
班长
12:24 Feudal Age
10:49 Loom
14:46 Double-Bit Axe
17:27 Castle Age
18:02 Scale Barding Armor
18:10 Forging
18:51 Husbandry
19:54 Gold Mining
21:08 Bow Saw
26:27 Iron Casting
30:36 Chain Barding Armor
31:37 Gold Shaft Mining
39:13 Stone Mining
45:41 Imperial Age
43:48 Wheelbarrow
42:58 Town Watch
43:55 Wheelbarrow
星际小菜
8:31 Loom
12:37 Feudal Age
15:35 Horse Collar
18:49 Castle Age
17:36 Double-Bit Axe
20:19 Bow Saw
21:52 Heavy Plow
21:40 Town Watch
28:39 Wheelbarrow
30:12 Fletching
30:22 Padded Archer Armor
30:28 Elite Skirmisher
35:21 Imperial Age
大山鸡
7:34 Loom
11:08 Feudal Age
12:49 Double-Bit Axe
19:07 Castle Age
30:49 Wheelbarrow
35:59 Imperial Age
沒起房子我日
9:56 Loom
10:03 Loom
12:49 Feudal Age
13:21 Double-Bit Axe
13:18 Horse Collar
15:09 Bloodlines
16:18 Fishing Lines
20:23 Scale Barding Armor
21:26 Forging
23:58 Castle Age
23:08 Gold Mining
25:11 Chain Barding Armor
25:02 Bow Saw
25:10 Husbandry
26:27 Stone Mining
28:10 Wheelbarrow
29:28 Iron Casting
30:39 Heavy Plow
32:33 Hand Cart
34:15 Stone Shaft Mining
39:55 Imperial Age
37:35 Treadmill Crane
38:46 Vendel Legacy
39:59 Cavalier
41:17 Plate Barding Armor
42:03 Conscription
42:25 Guilds
42:23 Padded Archer Armor
43:24 Blast Furnace
43:28 Chemistry
44:50 Two-Man Saw
44:21 Crop Rotation
DeX_JeD1
2:50 Loom
12:16 Feudal Age
13:12 Double-Bit Axe
18:01 Wheelbarrow
18:07 Scale Barding Armor
18:28 Bloodlines
22:53 Castle Age
20:35 Horse Collar
21:24 Forging
25:11 Bow Saw
28:36 Chain Barding Armor
30:19 Iron Casting
32:20 Hand Cart
37:07 Imperial Age
35:33 Town Watch
35:49 Heavy Plow
36:50 Town Patrol
36:46 Fishing Lines
36:35 Vendel Legacy
37:48 Cavalier
39:57 Conscription
41:11 Plate Barding Armor
40:53 Gillnets
43:38 Blast Furnace
42:43 Husbandry
aaa
6:42 Loom
9:20 Feudal Age
15:09 Fletching
17:39 Double-Bit Axe
17:58 Horse Collar
23:48 Castle Age
22:13 Gold Mining
24:30 Bodkin Arrow
24:04 Crossbowman
25:57 Ballistics
26:23 Padded Archer Armor
28:26 Leather Archer Armor
33:17 Wheelbarrow
32:28 Town Watch
35:17 Hand Cart
36:16 Bow Saw
42:29 Imperial Age
42:35 Arbalester
43:25 Bracer
44:28 Chemistry
42:59 Capped Ram
爱人跟人走
9:16 Loom
12:04 Feudal Age
12:34 Double-Bit Axe
17:22 Castle Age
15:39 Fishing Lines
18:33 Bow Saw
18:14 Gillnets
18:57 Horse Collar
20:30 Heavy Plow
22:27 Wheelbarrow
23:52 Town Watch
30:53 Imperial Age
30:25 Hand Cart
30:03 Gold Mining
30:03 Stone Mining
31:49 Gold Shaft Mining
31:49 Stone Shaft Mining
31:35 Husbandry
31:47 Bloodlines
31:59 Conscription
32:00 Drill
31:40 Elite Mangudai
34:01 Hoardings
33:29 Nomads
34:19 Caravan
34:08 Arson
34:24 Squires
34:51 Parthian Tactics
34:32 Thumb Ring
34:51 Ballistics
35:31 Chemistry
34:05 Light Cavalry
34:05 Heavy Camel Rider
34:06 Cavalier
35:09 Fletching
35:23 Padded Archer Armor
35:53 Bodkin Arrow
36:04 Town Patrol
36:36 Coinage
35:34 Elite Skirmisher
35:35 Crossbowman
35:37 Heavy Cavalry Archer
36:33 Medium Warships
35:45 Demolition Ship
36:33 Atonement
36:44 Fervor
36:34 Devotion
36:31 Herbal Medicine
36:17 Sappers
37:15 Masonry
36:31 Pikeman
36:32 Man-at-Arms
37:18 Scale Mail Armor
37:26 Scale Barding Armor
37:46 Heresy
38:13 Banking
37:11 Heavy Demolition Ship
38:29 Heavy Warships
39:08 Faith
39:09 Heresy
38:14 Long Swordsman
39:16 Fortified Wall
39:01 Murder Holes
38:58 Guard Tower
39:14 Siphons
39:24 Clinker Construction
39:27 Careening
39:12 Hussar
39:30 Arbalester
40:12 Two-Handed Swordsman
40:17 Elite Steppe Lancer
41:34 Forging
41:41 Leather Archer Armor
41:55 Siege Engineers
41:16 Capped Ram
42:52 Chain Mail Armor
43:13 Iron Casting
43:02 Chain Barding Armor
42:43 Bracer
42:50 Bracer
42:36 Champion
42:47 Siege Ram
42:59 Heavy Scorpion
Connection lost

Rejoining the realm…

Still unreachable

The connection could not be restored.

Session expired

The server has moved on; the page needs a fresh start.